 Dungeon Crawl Stone Soup version 0.28.0-53-g5a82cb258f (webtiles) character file.

Game seed: 14834930789531343539

145 Peedeoo7 the Conjurer (level 5, -2/40 HPs)
             Began as a Draconian Conjurer on June 2, 2022.
             Was a Follower of Qazlal.
             Slain by an orc
             ... wielding a +2 hand axe of electrocution
              (16 damage)
             ... on level 4 of the Dungeon.
             The game lasted 00:14:48 (1942 turns).

Peedeoo7 the Conjurer (Draconian Conjurer)          Turns: 1942, Time: 00:14:49

Health: -2/40      AC:  5    Str:  9    XL:     5   Next: 6%
Magic:  9/9        EV: 12    Int: 19    God:    Qazlal [*.....]
Gold:   72         SH:  2    Dex: 11    Spells: 6/9 levels left

rFire   . . .      SeeInvis .   c - +4 mace (holy)
rCold   . . .      Faith    .   (no shield)
rNeg    . . .      Spirit   .   (armour unavailable)
rPois   .          Reflect  .   (helmet restricted)
rElec   .          Harm     .   (no cloak)
rCorr   .          Rampage  .   (no gloves)
Will    .....                   (no boots)
Stlth   ++........              (no amulet)
HPRegen 0.13/turn               (no ring)
MPRegen 0.11/turn               (no ring)

@: no status effects
A: AC +5, unfitting armour, cold-blooded
a: Renounce Religion


You were on level 4 of the Dungeon.
You worshipped Qazlal.
Qazlal was aware of your devotion.
You visited 1 branch of the dungeon, and saw 4 of its levels.

You collected 72 gold pieces.

Inventory:

Hand Weapons
 a - a +0 dagger
 c - a +4 mace of holy wrath (weapon)
Wands
 j - a wand of polymorph (14)
Scrolls
 b - 2 scrolls of immolation {unknown}
 e - 2 scrolls of amnesia
 f - a scroll of fear
 g - a scroll of acquirement {unknown}
 h - a scroll of teleportation {unknown}
 k - a scroll of magic mapping {unknown}
Potions
 d - a potion of flight {unknown}
 i - a potion of curing {unknown}


   Skills:
 * Level 1.4 Fighting
 - Level 0.5 Maces & Flails
 + Level 2.2 Dodging
 - Level 2.0 Stealth
 * Level 2.8 Spellcasting
 + Level 5.1 Conjurations
 * Level 1.0 Invocations


You had 6 spell levels left.
You knew the following spells:

 Your Spells              Type           Power      Damage    Failure   Level
a - Magic Dart            Conj           88%        1d7       1%          1
b - Searing Ray           Conj           44%        2d6       2%          2

Your spell library contained the following spells:

 Spells                   Type           Power      Damage    Failure   Level
 Dazzling Flash           Conj/Hex       24%        N/A       16%         3
 Inner Flame              Hex/Fire       2%         N/A       43%         3
 Fulminant Prism          Conj/Hex       6%         3d7       47%         4
 Iskenderun's Mystic Bla  Conj/Tloc      12%        2d5       47%         4
 Cause Fear               Hex            1%         N/A       83%         4
 Discord                  Hex            1%         N/A       100%        8


Dungeon Overview and Level Annotations

Branches:
Dungeon (4/15)
 Temple: D:4-7

Altars:
Hepliaklqana
Qazlal
Uskayaw

Annotations:
D:3 1 runed translucent door, MechaKamiliLaw's ghost, amateur FoAK


Innate Abilities, Weirdness & Mutations

Your plain brown scales are hard. (AC +5)
You cannot fit into any form of body armour.
You are cold-blooded and may be slowed by cold attacks.


Message History

Aiming: Magic Dart (safe; 1% risk of failure)
Press: ? - help, Q - select action, (/) - cycle Shift-Dir - straight line, f/p - adder
Aim: an adder (severely wounded, 100% to hit)
The magic dart hits the adder.
The adder is almost dead.
The adder bites you but does no damage.
You barely miss the adder.
The adder is almost dead.
The adder misses you. The adder barely misses you.
You miss the adder.
The adder is almost dead.
The adder bites you but does no damage.
You sock the adder!
You kill the adder!
Qazlal accepts your kill.
Your Invocations skill increases to level 1!
You have reached level 5!
Your magical contamination has completely faded away.
Found an escape hatch in the floor.
Found 20 bolts.
You hear a shout! x3
An orc priest and 2 orcs come into view.
An orc is wielding a +2 hand axe of electrocution.
The orc shouts!
The orc priest calls down the wrath of Beogh upon you.
Beogh smites you!
The orc priest invokes the aid of Beogh against you.
Beogh smites you!
There is an escape hatch in the floor here.
You can't go up here!
The orc hits you with a +2 hand axe of electrocution.
You slide downwards.
The hatch slams shut behind you.
Found an escape hatch in the ceiling and an escape hatch in the floor.
You see here 5 javelins.
You hit the orc.
Your tail-slap misses the orc.
The orc is heavily wounded.
The orc closely misses you.
The orc hits you with a +2 hand axe of electrocution.
You are electrocuted!
You die...

.....>.##....
<....S.#...
.........
....... ..... .
... ...
#☼##.....
#@.......
......o...###..
......##..#
...... ..#
...#. ##. .# #.
.. # .# .#


You could see an adder (asleep) and an orc.

Vanquished Creatures
  A water moccasin skeleton (D:2)
  6 adders
  2 worms (D:2)
  4 bats
  4 endoplasms
  A giant cockroach (D:1)
  7 goblins
  2 hobgoblins
  A jackal (D:1)
  2 kobolds
  A quokka (D:2)
  2 ball pythons (D:2)
  3 frilled lizards
  2 rats (D:3)
38 creatures vanquished.

Notes
Turn   | Place    | Note
-------+----------+-------------------------------------------
     0 | D:1      | Peedeoo7 the Draconian Conjurer began the quest for the
                  | Orb.
     0 | D:1      | Reached XP level 1. HP: 14/14 MP: 3/3
   148 | D:1      | Reached XP level 2. HP: 19/20 MP: 3/5
   326 | D:1      | Learned a level 2 spell: Searing Ray
   598 | D:2      | Reached XP level 3. HP: 10/27 MP: 0/6
   749 | D:2      | Reached skill level 1 in Fighting
   899 | D:2      | Found a faded altar of an unknown god.
   912 | D:2      | Prayed at the altar of an unknown god.
   912 | D:2      | Became a worshipper of Qazlal Stormbringer
   912 | D:2      | Reached * piety under Qazlal
  1107 | D:2      | Reached skill level 5 in Conjurations
  1107 | D:2      | Reached XP level 4. HP: 35/35 MP: 1/7
  1307 | D:3      | Found a runed translucent door.
  1311 | D:3      | Noticed MechaKamiliLaw's ghost (amateur FoAK)
  1401 | D:3      | Found a hide-covered altar of Uskayaw.
  1467 | D:3      | Found a hazy altar of Hepliaklqana.
  1521 | D:3      | Noticed an ogre
  1901 | D:3      | Reached skill level 1 in Invocations
  1901 | D:3      | Reached XP level 5. HP: 40/40 MP: 4/9
  1942 | D:4      | Slain by an orc

Illustrated notes

Levels and vault maps discovered:
D:1:      wheals_arrival_linesprint, layout_rooms, serial_park_tiny_1,
          minmay_misc_feat_pillars, st_stairs_12
D:2:      layout_basic, hellmonk_ecumenical_altar_run_dry,
          nicolae_underground_beach
D:3:      kennysheep_big_flooded_room, layout_loops_ring,
          nicolae_uskayaw_suspiria, nicolae_overflow_crystal_walls,
          ebering_ghost_reflecting_pool
D:4:      layout_cave_pools, serial_shops, shop, uniq_robin

Skill      XL: |  1  2  3  4 |
---------------+-------------+-----
Dodging        | 2 |  2.2
Stealth        | 2 |  2.0
Fighting       | 1 |  1.4
Conjurations   | 5 |  5.1
Invocations    | 1 |  1.0
Maces & Flails | |  0.5
Spellcasting   | |  2.8

Action                   |  1- 3 |  4- 6 || total
-------------------------+-------+-------++-------
Melee: Dagger            |    14 |       ||    14
       Mace              |    21 |    24 ||    45
       Tailslap          |     3 |     2 ||     5
 Cast: Magic Dart        |    49 |    15 ||    64
       Searing Ray       |     1 |       ||     1
  Use: Scroll            |     2 |       ||     2
Armor: Skin              |    16 |     4 ||    20
Dodge: Dodged            |    22 |    18 ||    40
